 Dungeon Crawl Stone Soup version 0.30-a0-782-ge64f9170bb (console) character file.

Game seed: 4171654704406049091

52 utis the Sneak (level 3, 0/21 HPs)
             Began as a Tengu Wanderer on Mar 17, 2023.
             Killed from afar by Crazy Yiuf (15 damage)
             ... with a bolt of light
             ... on level 2 of the Dungeon.
             The game lasted 00:03:57 (1823 turns).

utis the Sneak (Tengu Wanderer)                     Turns: 1823, Time: 00:03:58

Health: 0/21       AC:  6    Str: 10    XL:     3   Next: 85%
Magic:  4/4        EV: 11    Int: 11    God:
Gold:   112        SH:  0    Dex: 18    Spells: 2/2 levels left

rFire   . . .      SeeInvis .    b - +0 quarterstaff
rCold   . . .      Faith    .    (shield currently unavailable)
rNeg    . . .      Spirit   .    g - +0 ring mail
rPois   .          Reflect  .    (helmet restricted)
rElec   .          Harm     .    c - +0 cloak
rCorr   .          Rampage  .    (no gloves)
Will    .....                    (boots unavailable)
Stlth   +                        (no amulet)
HPRegen 0.23/turn                (no ring)
MPRegen 0.09/turn                (no ring)

@: confused
A: beak, talons 3
a: no special abilities


You were on level 2 of the Dungeon.
You visited 1 branch of the dungeon, and saw 2 of its levels.

You collected 112 gold pieces.

Inventory:

Hand Weapons
 a - a +2 short sword
 b - a +0 quarterstaff (weapon)
 k - a +0 arbalest
 o - a +0 club
Missiles
 n - 6 javelins (quivered)
Armour
 c - a +0 cloak (worn)
 e - a +0 leather armour
 g - a +0 ring mail (worn)
Scrolls
 f - 2 scrolls of teleportation {unknown}
 h - 2 scrolls of blinking {unknown}
 i - a scroll of noise {unknown}
 m - a scroll of identify {unknown}
 p - a scroll of enchant weapon {unknown}
 t - a scroll of butterflies {unknown}
 u - a scroll of poison {unknown}
Potions
 d - a potion of haste {@q3}
 j - a potion of brilliance {unknown}
 l - a potion of mutation {unknown}
 q - a potion of lignification {unknown}
 r - a potion of curing {unknown}
 s - a potion of attraction {unknown}
 v - 2 potions of degeneration {unknown}


   Skills:
 + Level 1.7 Fighting
 - Level 2.1 Short Blades
 * Level 2.5 Staves
 + Level 2.0 Armour
 + Level 2.7 Dodging
 - Level 3.0 Stealth


You had 2 spell levels left.
You didn't know any spells.
Your spell library was empty.

Dungeon Overview and Level Annotations

Branches:
Dungeon (2/15)

Altars:

Annotations:
D:2 Crazy Yiuf


Innate Abilities, Weirdness & Mutations

You have a beak for a mouth.
You have claws for feet.


Message History

The adder closely misses you. x2
You hit the adder. Your peck misses the adder.
The adder is heavily wounded.
The adder barely misses you.
You thump the adder!
You kill the adder!
The giant cockroach bites you but does no damage.
Your Armour skill increases to level 2!
You sock the giant cockroach!
You kill the giant cockroach!
No target in view!
You now have 104 gold pieces (gained 11).
q - a bubbling pink potion You now have 112 gold pieces (gained 8).
Found a stone staircase leading down.
There is a stone staircase leading down here.
You see here a +0 dagger.
Found a ring mail.
You see here a +0 ring mail.
You see here a +0 ring mail.
v - 2 bubbling orange potions (gained 1)
Found a hammer.
Found a runed translucent door.
Crazy Yiuf shouts!
Crazy Yiuf yells, "Goldfish illywillydillykilly leg!"
You open the door. You hit Crazy Yiuf but do no damage.
You claw Crazy Yiuf, but do no damage.
Crazy Yiuf zaps a wand.
The bolt of light misses you.
You sock Crazy Yiuf! You claw Crazy Yiuf.
Crazy Yiuf is severely wounded.
Crazy Yiuf barely misses you. Crazy Yiuf completely misses you.
You barely miss Crazy Yiuf. Your kick misses Crazy Yiuf.
Crazy Yiuf is severely wounded.
Crazy Yiuf hits you with a +3 quarterstaff of chaos!
You hit Crazy Yiuf but do no damage. Your peck misses Crazy Yiuf.
Crazy Yiuf is severely wounded.
Crazy Yiuf grits, "Millenium illywillydillykilly aubergine!"
Crazy Yiuf zaps a wand.
The bolt of light hits you!
You are confused.
Ouch! That really hurt!
You die...

░.░ ░.░ ░.░ ░.░
░.░ ░.░ ░.░ ░.░
░.░ ░░░░░░░░░ ░░░
░░░ ░.░ ........░
░░░░░░░░..
░░░░░.░░░░░░░░░
░.........
░..░░...░.░░░ ▒▒▒
░.....░░░░
░░.......░..░▒...▒
░░░░░.░░░░
░....^.░░░░Qg...▒
░░░░..... ░░.░..░░
░░▒..)▒ ░......░░
░░░░░░ ▒▒▒
░.░░░░.░░ ░.░ ░.░░
░░░░░░░░░ ░.░ ░.░░
░.......░ ░.░
░░.░░ ░.░░░░░░░
░.░░░...░ ░.░
░.░░..... ░.░
░░░░░░.░......


You could see Crazy Yiuf.

Vanquished Creatures
  An adder (D:2)
  2 ball pythons (D:1)
  2 bats (D:2)
  6 endoplasms
  A giant cockroach (D:2)
  4 goblins
  4 hobgoblins
  7 jackals (D:1)
  A kobold (D:1)
  2 quokkas
  5 rats
35 creatures vanquished.

Notes
Turn   | Place    | Note
-------+----------+-------------------------------------------
     0 | D:1      | utis the Tengu Wanderer began the quest for the Orb.
     0 | D:1      | utis set off with the following items: a +2 short sword, a
                  | +0 quarterstaff, a +0 cloak, a potion of haste {@q3}, a +0
                  | leather armour.
     0 | D:1      | Reached XP level 1. HP: 12/12 MP: 2/2
   165 | D:1      | You fall into a shaft and drop 1 floor!
   265 | D:2      | Reached XP level 2. HP: 16/16 MP: 3/3
   672 | D:1      | Reached XP level 3. HP: 20/20 MP: 4/4
  1721 | D:2      | Found a runed translucent door.
  1722 | D:2      | Noticed Crazy Yiuf
  1823 | D:2      | Killed from afar by Crazy Yiuf

Illustrated notes

Levels and vault maps discovered:
D:1:      minmay_arrival_radiant_lines, layout_loops_ring
D:2:      layout_loops_ring, minmay_tiny_reverse_x, uniq_crazy_yiuf_cottage

Skill      XL: |  1  2  3 |
---------------+----------+-----
Staves         | 2 |  2.5
Armour         | 2 |  2.0
Fighting       | |  1.7
Short Blades   | |  2.1
Dodging        | |  2.7
Stealth        | |  3.0

Action                     || total
---------------------------++-------
  Melee: Quarterstaff      ||    70
         Kick              ||    19
         Peck              ||    15
  Throw: Stone             ||     5
         Javelin           ||     1
   Stab: Sleeping          ||     5
 Armour: Ring mail         ||    17
  Dodge: Dodged            ||    42

Table legend: (Time is in decaauts)
 A = Elapsed time spent in this place.
 B = Non-inter-level travel time spent in this place.
 C = Inter-level travel time spent in this place.
 D = Time resting spent in this place.
 E = Time spent auto-exploring this place.
 F = Levels seen in this place.
 G = Mean time per level.
                   A        B        C        D        E       F      G
               +--------+--------+--------+--------+--------+-----+--------+
         Total |   1836 |   1783 |     53 |      7 |   1407 |   2 |  918.0 |
       Dungeon |   1836 |   1783 |     53 |      7 |   1407 |   2 |  918.0 |
               +--------+--------+--------+--------+--------+-----+--------+

Top non-repeatable levels by time:
     D:1: 950 daAuts
     D:2: 885 daAuts
